 Dungeon Crawl Stone Soup version 0.15.0-13-gb296d5c (webtiles) character file.

150 DrPain the Cudgeler (level 5, 0/45 HPs)
             Began as a Minotaur Berserker on Sept 2, 2014.
             Was a Believer of Trog.
             Slain by a phantom (7 damage)
             ... on Level 3 of the Dungeon.
             The game lasted 00:08:56 (1717 turns).

DrPain the Cudgeler (Minotaur Berserker)            Turns: 1717, Time: 00:08:56

HP   0/45        AC  5     Str 21      XL: 5   Next: 10%
MP   2/2         EV 10     Int  4      God: Trog [**....]
Gold 77          SH  0     Dex 11      Spells:  0 memorised,  4 levels left

rFire  . . .     SeeInvis .     t - +2 quarterstaff (chaos)
rCold  . . .     Clarity  .     d - +0 ring mail
rNeg   . . .     rCorr    .     (no shield)
rPois  .         rRot     .     (helmet restricted)
rElec  .         Spirit   .     (no cloak)
SustAb .         Warding  .     (no gloves)
rMut   .         Stasis   .     (no boots)
Gourm  .                        (no amulet)
MR     .....                    (no ring)
                                (no ring)

@: exhausted, slowed, very slow, not resistant to hostile enchantments, very
unstealthy
A: retaliatory headbutt, horns 2
a: Burn Spellbooks, Berserk, Trog's Hand, Renounce Religion


You were on level 3 of the Dungeon.
You worshipped Trog.
Trog was pleased with you.
You were not hungry.

You visited 1 branch of the dungeon, and saw 3 of its levels.

You collected 77 gold pieces.

Inventory:

Hand weapons
 i - a +0 hunting sling
 t - a +2 quarterstaff of chaos (weapon)
Missiles
 e - 55 stones (quivered)
 p - 10 sling bullets
Armour
 d - a +0 ring mail (worn)
 u - a +0 cloak
Magical devices
 k - a wand of random effects (6) {unknown}
Comestibles
 m - a bread ration
Scrolls
 b - a scroll of blinking {unknown}
 c - a scroll of random uselessness {unknown}
 f - 5 scrolls of identify {unknown}
 g - a scroll of recharging {unknown}
 h - 3 scrolls of enchant weapon {unknown}
 j - a scroll of remove curse {unknown}
 l - 2 scrolls of magic mapping {unknown}
 s - a scroll of fog {unknown}
Jewellery
 n - an uncursed ring of see invisible {unknown}
 r - an uncursed amulet of resist mutation {unknown}
Potions
 a - a potion of might {unknown}
 o - a potion of mutation {unknown}
 q - a potion of heal wounds {unknown}
 v - a potion of haste {unknown}


   Skills:
 - Level 3.6 Fighting
   Level 6.1(6.4) Maces & Flails
 + Level 2.9(4.9) Staves
 - Level 2.4 Armour
 - Level 2.1 Dodging
 + Level 0.6 Evocations


You had 4 spell levels left.
You didn't know any spells.

Dungeon Overview and Level Annotations

Branches:
Dungeon (3/15)

Altars:


Innate Abilities, Weirdness & Mutations

You reflexively headbutt those who attack you in melee.
You have a pair of horns on your head.


Message History

You hit the phantom.
The phantom is heavily damaged.
The phantom hits you but does no damage.
You sock the phantom!
The phantom flickers and vanishes!
Deactivating autopickup; reactivate with Ctrl-A.
Something hits you but does no damage. x2
You hit something. Something hits you but does no damage.
You hit something. You headbutt something.
Items here: %% ) [ a dagger; a robe; an orc corpse; an orc corpse Something hits you!
* * * LOW HITPOINT WARNING * * *
You completely miss something. Something completely misses you.
You hit something but do no damage. Something hits you.
* * * LOW HITPOINT WARNING * * *
Found a meat ration.
Eat which item? (? for menu, Esc to quit)
Okay, then.
Something hits you!
You die...

. .........#+........#.
.........##..........
................#.#.#
........#..##.......
........#...##.#)#.#
#+##+##.....##..)... #
##+######.##)#.#.# #.#
#....####.........
#...#@.).).......#.#.#
##.......)#######......
#.........# ###.###
#.........# #.#
#.........# #.#
#........... #.#
.............
#####.......% ...#####


There were no monsters in sight!

Vanquished Creatures
  Crazy Yiuf (D:2)
  An orc wizard (D:3)
  An adder (D:3)
  A giant mite (D:3)
  2 worms (D:2)
  An inept item mimic (D:2)
  2 giant geckos
  10 orcs (D:3)
  3 ball pythons
  2 bats (D:1)
  5 giant cockroaches
  3 hobgoblins
  5 kobolds
  5 giant newts
  5 goblins
  3 rats
  2 fungi (D:2)
52 creatures vanquished.

Notes
Turn   | Place    | Note
--------------------------------------------------------------
     0 | D:1      | DrPain, the Minotaur Berserker, began the quest for the Orb.
     0 | D:1      | Reached XP level 1. HP: 19/19 MP: 1/1
   150 | D:1      | Reached skill level 4 in Maces & Flails
   205 | D:1      | Reached XP level 2. HP: 26/26 MP: 1/1
   489 | D:1      | Acquired Trog's second power
   848 | D:2      | Reached skill level 5 in Maces & Flails
   848 | D:2      | Reached XP level 3. HP: 23/31 MP: 2/2
  1383 | D:2      | Noticed Crazy Yiuf
  1389 | D:2      | Killed Crazy Yiuf
  1389 | D:2      | Reached skill level 6 in Maces & Flails
  1389 | D:2      | Reached XP level 4. HP: 39/39 MP: 2/2
  1593 | D:3      | Reached skill level 1 in Staves
  1687 | D:3      | Noticed a phantom
  1698 | D:3      | Reached XP level 5. HP: 33/45 MP: 2/2
  1717 | D:3      | Slain by a phantom

Action                   |  1- 3 |  4- 6 || total
-------------------------+-------+-------++-------
Melee: Mace              |    90 |       ||    90
       Quarterstaff      |       |    43 ||    43
Invok: Berserk           |     1 |     1 ||     2
  Eat: Chunk             |     1 |       ||     1
       Bread ration      |       |     1 ||     1
